 Dungeon Crawl Stone Soup version 0.29-a0-813-g4a14ea37d6 (webtiles) character file.

Game seed: 12630649595559907287

9690 Anon1729 the Prestidigitator (level 12, 0/104 HPs)
             Began as a Meteoran Artificer on July 4, 2022.
             Was a Believer of Ashenzari.
             Slain by a hell knight
             ... wielding a +4 vorpal glaive
              (8 damage)
             ... on level 2 of the Abyss.
             The game lasted 00:34:25 (4688 turns).

Anon1729 the Prestidigitator (Meteoran Artificer)   Turns: 4688, Time: 00:34:26

Health: 0/104      AC: 20    Str: 15    XL:     12   Next: 8%
Magic:  13/13      EV: 12    Int: 17    God:    Ashenzari [**....]
Gold:   209        SH:  5    Dex: 15    Spells: 11/11 levels left

rFire   + + .      SeeInvis +   q - +3 Elemental Staff {rElec rF++ rC++ AC+5}
rCold   + + +      Faith    .   a - +0 buckler {rPois}
rNeg    . . .      Spirit   .   C - +1 scale mail "Share My Gloom" {rC+, Elem, Self} (curse)
rPois   +          Reflect  .   u - +2 hat "Sibylline Gloom" {Evo, Elem} (curse)
rElec   +          Harm     .   (no cloak)
rCorr   .          Rampage  .   p - +2 pair of gloves "Gnostic Repose" {Bglg, Evo} (curse)
Will    +....                   w - +0 pair of boots "Gnostic Jealousy" {Self, Comp} (curse)
Stlth   ..........              (no amulet)
HPRegen 0.27/turn               (no ring)
MPRegen 0.13/turn               (no ring)

@: mighty, glowing
A: sense surroundings 2, otherworldly, glowing, explore regen
a: Renounce Religion, Curse Item, Shatter the Chains


You were on level 2 of the Abyss.
You worshipped Ashenzari.
Ashenzari was pleased with you.
You visited 2 branches of the dungeon, and saw 12 of its levels.
You visited the Abyss 1 time.
You also visited: Sewer.

You collected 209 gold pieces.

Inventory:

Hand Weapons
 q - the +3 Elemental Staff (weapon) {rElec rF++ rC++ AC+5}
   (You acquired it on level 7 of the Dungeon)

   If the wielder is skilled in Evocations, they can discharge powerful blasts
   of elemental energy when striking with it.
   It enhances your fire, ice, earth and air magic.
   AC:        It affects your AC (+5).
   rF:        It greatly protects you from fire.
   rC:        It greatly protects you from cold.
   rElec:     It insulates you from electricity.
Missiles
 g - 4 javelins
 h - 66 poisoned darts (quivered)
 D - 6 atropa-tipped darts
Armour
 a - a +0 buckler of poison resistance (worn)
 c - a +2 pair of boots
 p - the cursed +2 pair of gloves "Gnostic Repose" (worn) {Bglg, Evo}
   (You found it on level 3 of the Dungeon)

   It has a curse which improves the following skills: Beguiling: Conjurations,
   Hexes and Translocations.
   Evocations: Evocations.
 u - the cursed +2 hat "Sibylline Gloom" (worn) {Evo, Elem}
   (You found it on level 4 of the Dungeon)

   It has a curse which improves the following skills: Evocations: Evocations.
   Elements:  Fire Magic, Ice Magic, Air Magic and Earth Magic.
 w - the cursed +0 pair of boots "Gnostic Jealousy" (worn) {Self, Comp}
   (You found it on level 5 of the Dungeon)

   It has a curse which improves the following skills: Introspection: Fighting
   and Spellcasting.
   Companions: Summonings and Necromancy.
 C - the cursed +1 scale mail "Share My Gloom" (worn) {rC+, Elem, Self}
   (You found it on level 5 of the Dungeon)

   It has a curse which improves the following skills: Elements: Fire Magic, Ice
   Magic, Air Magic and Earth Magic.
   Introspection: Fighting and Spellcasting.
Wands
 b - a wand of paralysis (7)
 d - a wand of charming (2)
 e - a wand of iceblast (6)
 F - a wand of quicksilver (4)
Scrolls
 i - 2 scrolls of torment
 o - a scroll of teleportation
 r - 4 scrolls of immolation
 s - 2 scrolls of poison
 t - 3 scrolls of fog
 x - 3 scrolls of vulnerability
 y - a scroll of magic mapping
 A - a scroll of noise
 B - a scroll of fear
 E - a scroll of blinking
Potions
 f - 3 potions of curing
 j - a potion of flight
 m - 2 potions of magic
 n - 4 potions of mutation
 v - a potion of resistance
 z - a potion of attraction


   Skills:
 + Level 7.0(9.0) Fighting
 * Level 10.7 Staves
 + Level 8.0 Armour
 + Level 7.6 Dodging
 - Level 1.1 Stealth
 - Level 4.0 Shields
 - Level 2.1(3.5) Fire Magic
 - Level 1.7(3.1) Ice Magic
 - Level 2.0(3.5) Air Magic
 - Level 2.0(3.5) Earth Magic
 * Level 11.5(13.3) Evocations


You had 11 spell levels left.
You didn't know any spells.
Your spell library contained the following spells:

 Spells                   Type           Power      Damage    Failure   Level
 Freeze                   Ice            64%        1d8       26%         1
 Frozen Ramparts          Ice            32%        1d5       63%         3
 Dazzling Flash           Conj/Hex       0%         N/A       95%         3
 Gell's Gravitas          Tloc           0%         N/A       95%         3
 Lesser Beckoning         Tloc           0%         N/A       95%         3
 Teleport Other           Tloc           0%         N/A       95%         3
 Hailstorm                Conj/Ice       8%         3d4       99%         4
 Iskenderun's Mystic Bla  Conj/Tloc      0%         2d3       100%        4
 Starburst                Conj/Fire      4%         6d4       100%        6


Dungeon Overview and Level Annotations

Branches:
Dungeon (11/15) Zot: 2719  Temple (1/1) D:6 Zot: 539   Sewer (visited)
   Lair: D:8-11         Orc: D:9-12

Altars:
Ashenzari
Cheibriados
Dithmenos
Elyvilon
Fedhas
Gozag
Hepliaklqana
Kikubaaqudgha
Makhleb
Nemelex Xobeh
Okawaru
Qazlal
Ru
Sif Muna
Uskayaw
Vehumet
Wu Jian
Xom
Yredelemnul
Zin
The Shining One

Portals:
Abyss: D:6

Annotations:
D:5 Eustachio
D:6 2 transporters, Zebulonius's ghost, novice MiMo


Innate Abilities, Weirdness & Mutations

You passively map the area around you.
You are easily found by Zot.
You glow in the dark.
You regain HP and MP as you explore.


Message History

Okay, then.
You block the hell knight's attack. The hell knight closely misses you.
You hit the hell knight but do no damage.
You freeze the hell knight!
The hell knight is lightly wounded.
The hell knight hits you but does no damage. x2
You hit the hell knight but do no damage.
You freeze the hell knight!
The hell knight is moderately wounded.
The hell knight hits you but does no damage.
You hit the hell knight but do no damage.
You electrocute the hell knight!
The hell knight is severely wounded.
You block the hell knight's attack. The hell knight misses you.
You hit the hell knight but do no damage.
You freeze the hell knight!!
The hell knight is almost dead.
The hell knight hits you but does no damage.
You block the hell knight's attack.
You hit the hell knight but do no damage.
The hell knight is almost dead.
The hell knight hits you but does no damage.
You hit the hell knight. You freeze the hell knight!!
You kill the hell knight!
The hell knight hits you from afar with a +4 vorpal glaive!! x2
Your Armour skill increases to level 8!
You feel much better. You block the hell knight's attack.
The hell knight hits you from afar with a +4 vorpal glaive!
You feel very mighty all of a sudden.
The hell knight hits you from afar with a +4 vorpal glaive!
* * * LOW HITPOINT WARNING * * *
You feel much better. The hell knight closely misses you.
The hell knight hits you from afar with a +4 vorpal glaive!
The hell knight calls down the wrath of its god upon you.
The bolt of fire hits you. You resist.
You sock the hell knight!
The hell knight is lightly wounded.
The hell knight hits you with a +4 vorpal glaive!!
* * * LOW HITPOINT WARNING * * *
You die...

, , #.#
#..#..#
* , **
# .. #.
.# * ,
,*, * ,
.... ..
..#,, ,
, ,
*#..
..#.p.
# * ,
.##.#
### **
, * ,,#
##..#.#
, ,,
**, ##
..# , ,
,,
,,,*,
###p##,
, , ,
,,,#.@#
,* ,
,,, , ,
#### ,*
, ,* **
, ,* ,
*,,,
*** *
,* * ,
, , *
*, * **
, , * *
, * * ,
,, *
**, , *
* ,, ,
*, ,* ,
* , ,
,,,,* ,
, ,


You could see a hell knight (fast).

Vanquished Creatures
  3 two-headed ogres
  A hell knight (Abyss:2)
  Pikel (D:5)
  2 large abominations (Abyss:2)
  A smoke demon (Abyss:2)
  A kobold demonologist (D:10)
  A troll (D:9)
  A hornet (D:9)
  A wyvern (D:9)
  6 yaks (D:9)
  A steam dragon (D:9)
  2 small abominations (Abyss:2)
  Edmund (D:5)
  2 water moccasins
  A hell hound (Abyss:2)
  An ice beast (D:7)
  A black bear (D:6)
  2 sky beasts
  4 orc warriors
  2 centaurs (D:8)
  22 kobold brigands
  A necrophage (D:6)
  A gnoll sergeant (D:8)
  A scorpion (D:5)
  A bullfrog (D:8)
  3 howler monkeys (D:10)
  2 hounds (D:5)
  4 orc priests
  4 jellies
  An iguana (D:4)
  5 orc wizards
  6 gnolls
  5 adders
  4 river rats (Sewer)
  2 dart slugs
  21 orcs
  4 endoplasms
  A giant cockroach (D:1)
  7 goblins
  5 hobgoblins
  A jackal (D:1)
  6 quokkas
  5 ball pythons
  2 bats
  3 frilled lizards
  24 kobolds
  17 rats
193 creatures vanquished.

Vanquished Creatures (collateral kills)
  A phantom (D:5)
  A jelly (D:5)
  A kobold (Sewer)
3 creatures vanquished.

Vanquished Creatures (others)
  An acid dragon (D:9)
  An ogre (D:5)
  A lemure (D:5)
  A kobold brigand (D:10)
  Ijyb (D:5)
  An iguana (D:5)
  2 jackals (D:1)
  2 kobolds (Sewer)
  20 plants (D:3)
30 creatures vanquished.

Grand Total: 226 creatures vanquished

Notes
Turn   | Place    | Note
-------+----------+-------------------------------------------
     0 | D:1      | Anon1729 the Meteoran Artificer began the quest for the
                  | Orb.
     0 | D:1      | Reached XP level 1. HP: 16/16 MP: 2/2
   148 | D:1      | Reached XP level 2. HP: 15/23 MP: 3/3
   199 | D:1      | Reached skill level 1 in Stealth
   344 | D:3      | Reached skill level 1 in Staves
   344 | D:3      | Reached XP level 3. HP: 28/28 MP: 4/4
   372 | D:3      | Reached skill level 4 in Evocations
   400 | D:3      | Noticed a sky beast
   409 | D:3      | Killed a sky beast
   410 | D:3      | Reached XP level 4. HP: 29/36 MP: 5/5
   410 | D:3      | Reached XP level 5. HP: 33/41 MP: 6/6
   529 | D:3      | Found a glowing drain.
   533 | Sewer    | Entered a sewer
   613 | Sewer    | Reached XP level 6. HP: 17/48 MP: 7/7
  1137 | D:2      | Reached skill level 5 in Evocations
  1206 | D:3      | Found a sacrificial altar of Ru.
  1449 | D:5      | Entered Level 5 of the Dungeon
  1450 | D:5      | Noticed Edmund
  1477 | D:5      | Reached XP level 7. HP: 56/56 MP: 8/8
  1477 | D:5      | Your ally Edmund died
  1480 | D:5      | Noticed Pikel
  1520 | D:5      | Killed Pikel
  1521 | D:5      | Reached skill level 5 in Staves
  1521 | D:5      | Reached skill level 6 in Evocations
  1521 | D:5      | Reached XP level 8. HP: 49/66 MP: 9/9
  1553 | D:5      | Noticed Eustachio
  1708 | D:5      | Found a broken altar of Ashenzari.
  1714 | D:5      | Became a worshipper of Ashenzari the Shackled
  1747 | D:6      | Found a transporter.
  1852 | D:6      | Reached skill level 7 in Evocations
  1869 | D:6      | Found a staircase to the Ecumenical Temple.
  1886 | Temple   | Entered the Ecumenical Temple
  1987 | D:5      | Noticed Ijyb
  2026 | D:5      | Killed Ijyb
  2118 | D:5      | Found a white marble altar of Elyvilon.
  2127 | D:5      | Found a radiant altar of Vehumet.
  2130 | D:5      | Found a shadowy altar of Dithmenos.
  2205 | D:6      | Found a transporter.
  2212 | D:6      | Noticed a wizard
  2219 | D:6      | Noticed Zebulonius's ghost (novice MiMo)
  2220 | D:6      | Found a one-way gate to the infinite horrors of the Abyss.
  2256 | D:6      | Gained mutation: You passively map the area around you.
                  | [Meteoran growth]
  2256 | D:6      | Reached XP level 9. HP: 55/71 MP: 10/10
  2265 | D:6      | Reached skill level 5 in Armour
  2332 | D:6      | Reached * piety under Ashenzari
  2332 | D:6      | Identified a scroll of acquirement
  2337 | D:7      | Acquired the +3 Elemental Staff {rElec rF++ rC++ AC+5}
  2337 | D:7      | Found the +3 Elemental Staff {rElec rF++ rC++ AC+5}
  2790 | D:8      | Reached skill level 1 in Fire Magic
  2790 | D:8      | Reached skill level 1 in Air Magic
  2790 | D:8      | Reached skill level 1 in Earth Magic
  2797 | D:8      | Reached skill level 5 in Dodging
  2797 | D:8      | Reached skill level 1 in Ice Magic
  2797 | D:8      | Reached skill level 8 in Evocations
  3031 | D:9      | Noticed a hornet
  3044 | D:9      | Killed a hornet
  3050 | D:9      | Reached XP level 10. HP: 22/80 MP: 11/11
  3077 | D:9      | Identified the cursed +2 pair of gloves "Gnostic Repose"
                  | {Bglg, Evo} (You found it on level 3 of the Dungeon)
  3077 | D:9      | Identified the cursed +0 pair of boots "Gnostic Jealousy"
                  | {Self, Comp} (You found it on level 5 of the Dungeon)
  3103 | D:9      | Reached ** piety under Ashenzari
  3125 | D:9      | Acquired a +0 buckler of poison resistance
  3284 | D:8      | Reached skill level 5 in Fighting
  3354 | D:8      | Reached skill level 1 in Shields
  3503 | D:9      | Noticed a two-headed ogre
  3511 | D:9      | Killed a two-headed ogre
  3512 | D:9      | Reached skill level 9 in Evocations
  3807 | D:9      | Reached XP level 11. HP: 74/93 MP: 12/12
  3819 | D:9      | Noticed a death knight
  3821 | D:9      | Noticed a cyan ugly thing
  3821 | D:9      | Noticed a centaur warrior
  3821 | D:9      | Noticed a manticore
  3821 | D:9      | Identified the +11 mace of Law {venom, Int-2 Dex+7}
  3821 | D:9      | Noticed a five-headed hydra
  3821 | D:9      | Noticed a deep elf pyromancer
  3928 | D:10     | Entered Level 10 of the Dungeon
  4008 | D:10     | Reached skill level 10 in Evocations
  4063 | D:10     | Noticed a two-headed ogre
  4088 | D:10     | Killed a two-headed ogre
  4107 | D:10     | Reached skill level 10 in Staves
  4161 | D:11     | Noticed a two-headed ogre
  4163 | D:11     | Noticed a two-headed ogre
  4174 | D:10     | Killed a two-headed ogre
  4175 | D:10     | Reached skill level 11 in Evocations
  4326 | D:11     | Noticed a wizard
  4331 | Abyss:2  | Cast into level 2 of the Abyss (a wizard)
  4339 | Abyss:2  | Noticed a large abomination
  4353 | Abyss:2  | Killed a large abomination
  4469 | Abyss:2  | Noticed a smoke demon
  4476 | Abyss:2  | Killed a smoke demon
  4494 | Abyss:2  | Noticed an apocalypse crab
  4498 | Abyss:2  | Noticed a wretched star
  4520 | Abyss:2  | Noticed a thrashing horror
  4521 | Abyss:2  | Noticed a thrashing horror
  4534 | Abyss:2  | Noticed a spatial maelstrom
  4628 | Abyss:2  | Noticed a thrashing horror
  4639 | Abyss:2  | Noticed a large abomination
  4654 | Abyss:2  | Noticed a hell knight
  4658 | Abyss:2  | Killed a large abomination
  4659 | Abyss:2  | Reached XP level 12. HP: 68/103 MP: 13/13
  4659 | Abyss:2  | Noticed a hell knight
  4682 | Abyss:2  | Killed a hell knight
  4688 | Abyss:2  | Slain by a hell knight

Illustrated notes

Levels and vault maps discovered:
D:1:      psy_arrival_basics, layout_basic,
          dreamdust_ecumenical_altar_hidden_monk_grotto
D:2:      layout_rooms, uniq_robin
D:3:      layout_loops_ring, mainiacjoe_overflow_24_doors,
          gup_sewer_entry_spiral, kennysheep_boxes
D:4:      layout_loops_cross, overflow_temple_1_default
D:5:      layout_rooms, ashenzari_altar_1, minitemple, uniq_ijyb, uniq_pikel,
          uniq_edmund, uniq_eustachio, uniq_crazy_yiuf_cottage
D:6:      layout_layer_cave, minmay_temple_entry_ruins,
          gammafunk_ghost_abyssal_escape
D:7:      layout_basic, minmay_misc_feat_more_columns, corexii_checkpoint_a,
          worms_lemuel
D:8:      layout_basic, lemuel_flame_loot_1
D:9:      layout_loops_corners, minivault_12
D:10:     layout_roguey [special_room_kobold], david_orc_5, minivault_16
D:11:     minmay_the_grid_square_5x5_4x4_mashed
          [minmay_the_grid_square_5x5_two_walls_a,
          minmay_the_grid_square_5x5_checkered,
          minmay_the_grid_square_5x5_tri_point,
          minmay_the_grid_square_5x5_minivault, minmay_the_grid_square_5x5_six,
          minmay_the_grid_square_5x5_prize_monsterx,
          minmay_the_grid_square_5x5_prize_deathbox,
          minmay_the_grid_square_5x5_hourglass,
          minmay_the_grid_square_5x5_half_checkered,
          minmay_the_grid_square_5x5_prize_rear_guard,
          minmay_the_grid_square_5x5_prize_open, minmay_the_grid_square_5x5_n,
          minmay_the_grid_square_5x5_gyroscope,
          minmay_the_grid_square_5x5_spiral, minmay_the_grid_square_5x5_dogpile,
          minmay_the_grid_square_5x5_shuriken], layout_basic,
          david_lair_generic, serial_shops, shop
Temple:   nicolae_temple_x_marks_the_god
Abyss:2:  base: D:6, hangedman_abyss_town

Skill      XL: |  1  2  3  4  5  6  7  8  9 10 11 12 |
---------------+-------------------------------------+-----
Stealth        | 1 |  1.1
Staves         | 1 2 3 5 7 8 10 | 10.7
Evocations     | 4 5 6 7 8 9 11 | 11.5
Fighting       | 2 3 4 5 7 |  7.0
Armour         | 3 4 5 6 7 8 |  8.0
Dodging        | 2 3 4 5 6 7 |  7.6
Fire Magic     | 2 |  2.1
Air Magic      | 2 |  2.0
Earth Magic    | 2 |  2.0
Ice Magic      | 1 |  1.7
Shields        | 3 4 |  4.0

Action                   |  1- 3 |  4- 6 |  7- 9 | 10-12 || total
-------------------------+-------+-------+-------+-------++-------
Melee: Club              |    49 |   249 |     9 |       ||   307
       Punch             |       |     1 |     6 |       ||     7
       Whip              |       |       |   127 |       ||   127
       Staff             |       |       |    92 |   247 ||   339
Throw: Dart              |       |     1 |     1 |       ||     2
Invok: Curse Item        |       |       |     2 |     2 ||     4
Evoke: Wand              |     9 |    13 |    13 |     3 ||    38
  Use: Scroll            |       |     3 |     2 |     2 ||     7
       Potion            |       |       |     1 |     3 ||     4
Armor: Leather armour    |    13 |       |       |       ||    13
       Chain mail        |    16 |   190 |    64 |       ||   270
       Scale mail        |       |       |   104 |   112 ||   216
       Skin              |       |       |    13 |       ||    13
Dodge: Dodged            |    29 |    89 |   100 |    77 ||   295
Block: Buckler           |       |       |       |    43 ||    43

Table legend: (Time is in decaauts)
 A = Elapsed time spent in this place.
 B = Non-inter-level travel time spent in this place.
 C = Inter-level travel time spent in this place.
 D = Time resting spent in this place.
 E = Time spent auto-exploring this place.
 F = Levels seen in this place.
 G = Mean time per level.
                   A        B        C        D        E       F      G
               +--------+--------+--------+--------+--------+-----+--------+
         Total |   4743 |   4271 |    472 |     95 |     82 |  14 |  338.8 |
       Dungeon |   3879 |   3407 |    472 |     22 |     82 |  11 |  352.6 |
        Temple |     60 |     60 |      0 |      0 |      0 |   1 |   60.0 |
         Abyss |    345 |    345 |      0 |     73 |      0 |   1 |  345.0 |
         Sewer |    458 |    458 |      0 |      0 |      0 |   1 |  458.0 |
               +--------+--------+--------+--------+--------+-----+--------+

Top non-repeatable levels by time:
     D:9: 704 daAuts
     D:8: 616 daAuts
     D:3: 599 daAuts
   Sewer: 458 daAuts
 Abyss:2: 345 daAuts
     D:5: 340 daAuts
     D:7: 340 daAuts
     D:1: 337 daAuts
     D:6: 313 daAuts
    D:10: 268 daAuts
     D:4: 245 daAuts
     D:2: 93 daAuts
  Temple: 60 daAuts
    D:11: 18 daAuts
